 Dungeon Crawl Stone Soup version 0.25.1-2-g60ff931df9 (webtiles) character file.

Game seed: 2402749303593751953

138 Acheron the Sneak (level 5, -1/45 HPs)
             Began as a Hill Orc Assassin on Aug 24, 2020.
             Slain by a bullfrog (3 damage)
             ... in a sewer.
             The game lasted 00:12:31 (2225 turns).

Acheron the Sneak (Hill Orc Assassin)               Turns: 2225, Time: 00:12:32

Health: -1/45      AC:  4    Str: 14    XL:     5   Next: 21%
Magic:  5/5        EV: 11    Int: 11    God:
Gold:   45         SH:  0    Dex: 13    Spells: 4/4 levels left

rFire    . . .     SeeInvis .   m - +4 dagger
rCold    . . .     Gourm    .   (no shield)
rNeg     . . .     Faith    .   i - +0 leather armour
rPois    .         Spirit   .   (no helmet)
rElec    .         Reflect  .   h - +0 cloak
rCorr    .         Harm     .   (no gloves)
MR       .....                  (no boots)
Stlth    ++........             (no amulet)
HPRegen  0.15/turn              (no ring)
MPRegen  0.09/turn              (no ring)

@: brilliant
A: no striking features
a: no special abilities


You were in a sewer.
You were not hungry.

You visited 1 branch of the dungeon, and saw 4 of its levels.
You also visited: Sewer.

You collected 45 gold pieces.

Inventory:

Hand Weapons
 a - a +2 dagger
 m - a +4 dagger (weapon)
 o - a +0 flail
Missiles
 d - 28 poisoned darts (quivered)
 e - a curare-tipped dart
 g - 47 stones
Armour
 b - a +0 robe
 c - a +0 cloak
 h - a +0 cloak (worn)
 i - a +0 leather armour (worn)
Jewellery
 j - a cursed -4 ring of slaying {unknown}
Scrolls
 l - a scroll of teleportation
Comestibles
 f - 4 rations
 k - 5 chunks of flesh


   Skills:
 * Level 3.3 Fighting
 * Level 3.0 Short Blades
 * Level 2.4 Throwing
 + Level 0.7 Armour
 * Level 1.5 Dodging
 + Level 4.0 Stealth


You had 4 spell levels left.
You didn't know any spells.
Your spell library was empty.

Dungeon Overview and Level Annotations

Branches:
Dungeon (4/15)              Sewer (1/1)
 Temple: D:4-7

Altars:
Qazlal

Annotations:
D:1 Natasha
D:2 Sigmund


Message History

The bullfrog is heavily wounded.
The bullfrog closely misses you. The bullfrog hits you.
The bullfrog barely misses you.
You closely miss the bullfrog.
The bullfrog is heavily wounded.
The bullfrog closely misses you. The bullfrog hits you.
* * * LOW HITPOINT WARNING * * *
You hit the bullfrog.
The bullfrog is heavily wounded.
The bullfrog misses you. The bullfrog closely misses you.
The bullfrog hits you.
* * * LOW HITPOINT WARNING * * *
You hit the bullfrog.
The bullfrog is severely wounded.
The bullfrog closely misses you. The bullfrog hits you!
* * * LOW HITPOINT WARNING * * *
It was a potion of brilliance.
You feel clever all of a sudden. The bullfrog hits you.
You die...

#.# ≈≈≈≈≈≈≈.≈≈≈.###≈##
#.# #≈≈≈≈≈≈≈≈≈≈≈.≈≈≈.#
#.# #.#
##≈≈≈≈≈≈≈≈≈≈≈.≈≈≈.# #.#
#.# #≈≈≈≈≈≈.≈≈≈≈≈.≈≈≈.#
#∩# #.#
#≈≈≈≈..[≈≈≈≈≈≈≈≈≈.# #.#
#.# #≈≈≈≈.)(=≈≈≈≈≈≈≈≈.#
#∩# #.#
#≈≈≈≈≈.(.≈≈≈≈≈≈≈≈.# #.#
#.# #≈≈≈≈≈≈≈.≈.≈≈≈≈≈≈.#
### #.#
#≈≈≈≈..@≈≈≈≈≈≈≈≈≈.# #≈#
##≈≈..FF.≈≈≈≈≈≈≈≈.# #≈#
#≈≈∩.≈.≈≈≈≈≈≈≈≈≈.# #.#
#≈≈≈≈.≈≈≈≈≈≈≈≈≈≈.# #≈#
##≈≈≈≈≈≈≈≈≈≈≈≈≈÷÷# #≈#
#≈≈≈≈≈≈≈≈≈≈≈≈≈≈.# #≈#
##≈≈≈≈≈≈≈≈≈.≈≈≈.#
#≈########≈≈≈≈≈≈≈≈.≈≈≈.#
#.≈≈≈.≈≈≈≈≈≈≈≈≈≈..≈≈≈≈.#


You could see 2 bullfrogs.

Vanquished Creatures
  Natasha (twice) (D:1)
  3 adders
  An ooze (D:1)
  4 leopard geckos
  8 orcs
  7 bats
  5 giant cockroaches
  3 goblins
  4 hobgoblins
  2 quokkas
  2 ball pythons (Sewer)
  8 frilled lizards (Sewer)
49 creatures vanquished.

Notes
Turn   | Place    | Note
-------+----------+-------------------------------------------
     0 | D:1      | Acheron the Hill Orc Assassin began the quest for the Orb.
     0 | D:1      | Reached XP level 1. HP: 18/18 MP: 1/1
    19 | D:2      | Noticed Natasha
    31 | D:1      | Killed Natasha
    31 | D:1      | Reached skill level 1 in Dodging
    31 | D:1      | Reached XP level 2. HP: 8/25 MP: 2/2
    31 | D:1      | Reached XP level 3. HP: 9/30 MP: 3/3
   133 | D:1      | Noticed Natasha
   554 | D:1      | Killed Natasha
   554 | D:1      | Reached XP level 4. HP: 17/38 MP: 4/4
   733 | D:2      | Noticed Sigmund
  1031 | D:1      | Noticed Natasha
  1126 | D:2      | Found a stormy altar of Qazlal.
  1248 | D:3      | Reached skill level 4 in Stealth
  1770 | D:3      | Reached XP level 5. HP: 25/45 MP: 5/5
  1780 | D:3      | Found a glowing drain.
  1837 | Sewer    | Entered a sewer
  2224 | Sewer    | HP: 1/45 [bullfrog (7)]
  2225 | Sewer    | Slain by a bullfrog

Illustrated notes

Levels and vault maps discovered:
D:1:      dpeg_arrival_leaves_temple_mockup, layout_basic,
          minmay_misc_feat_four_crosses, chequers_arboretum
D:2:      kennysheep_six_static_rooms, layout_basic, grunt_qazlal_clouds,
          lemuel_doored_altar, first_ration, uniq_sigmund, uniq_natasha
D:3:      layout_loops_ring, nicolae_ru_sacrificial_ziggurat,
          dancing_weapons_uskayaw, zin_academy, portal_sewer_entry_a
D:4:      layout_layer_cave, old_standard_altar, serial_shops, shop,
          dk_rats_in_the_wall, uniq_pikel
Sewer:    sewer_frog_island_01

Skill      XL: |  1  2  3  4  5 |
---------------+----------------+-----
Throwing       | 2 |  2.4
Dodging        | 1 |  1.5
Fighting       | 3 |  3.3
Stealth        | 4 |  4.0
Short Blades   | 3 |  3.0
Armour         | |  0.7

Action                   |  1- 3 |  4- 6 || total
-------------------------+-------+-------++-------
Melee: Dagger            |    22 |   144 ||   166
Throw: Dart              |     8 |     9 ||    17
  Use: Scroll            |       |     2 ||     2
       Potion            |       |     1 ||     1
 Stab: Sleeping          |     3 |     4 ||     7
  Eat: Ration            |       |     1 ||     1
       Chunk             |       |     1 ||     1
Armor: Robe              |     1 |       ||     1
       Leather armour    |     1 |    52 ||    53
Dodge: Dodged            |    16 |    97 ||   113
